AoeStats
← Omicronio

African Clearing

510575278Analyzed
3v3 RM · 22h ago on Oct 1, 2026· 28m 58s· 6 players
Game mode
Random Map
Map size
Normal (6 player)
Population
200
Speed
Normal
Resources
Standard
Victory
Conquest
Starting age
Dark Age
Ending age
Imperial Age
RankedLock teamsTeams togetherTeam positionsShared explorationLock speedFull tech treeHidden civsTurbo modeCheats
Victory
Defeat
🇪🇸 Huns · Spain
1304
+15
🇪🇸 Berbers · Spain
1295
+16
🇪🇸 Hindustanis · Spain
1281
+16
🇨🇱 Mongols · Chile
1343
-18
🇦🇷 Vietnamese · Argentina
1329
-17
🇦🇷 Persians · Argentina
1190
-12
PsychoDog
4:30 Loom
12:55 Feudal Age
17:27 Double-Bit Axe
17:23 Horse Collar
22:14 Wheelbarrow
21:37 Fletching
23:53 Castle Age
22:12 Fletching
24:34 Bodkin Arrow
25:15 Thumb Ring
27:27 Wheelbarrow
26:43 Gold Mining
27:20 Stone Mining
28:21 Padded Archer Armor
Kashmir
12:32 Feudal Age
10:50 Loom
12:35 Feudal Age
17:17 Castle Age
17:13 Double-Bit Axe
17:10 Horse Collar
20:40 Scale Mail Armor
25:46 Chain Mail Armor
27:36 Squires
27:21 Arson
Omicronio
11:01 Loom
12:51 Feudal Age
13:59 Loom
14:20 Double-Bit Axe
16:51 Town Watch
17:51 Horse Collar
19:37 Wheelbarrow
22:32 Bloodlines
25:47 Castle Age
24:55 Gold Mining
26:03 Fletching
26:14 Padded Archer Armor
27:33 Thumb Ring
27:23 Bodkin Arrow
27:44 Leather Archer Armor
27:52 Bow Saw
27:51 Husbandry
29:54 Ballistics
{LBA} DFM
13:22 Feudal Age
15:38 Loom
18:15 Castle Age
17:55 Double-Bit Axe
22:05 Wheelbarrow
22:05 Horse Collar
24:26 Stone Mining
24:29 Gold Mining
25:03 Heavy Plow
25:41 Bow Saw
26:36 Fletching
26:50 Padded Archer Armor
28:50 Ballistics
28:15 Treadmill Crane
28:28 Town Watch
29:01 Leather Archer Armor
Cris.GCH
12:52 Feudal Age
17:12 Castle Age
15:46 Double-Bit Axe
17:11 Loom
18:30 Bow Saw
21:22 Horse Collar
{LBA} Carlitos
6:32 Loom
15:16 Feudal Age
30:08 Castle Age
Connection lost

Rejoining the realm…

Still unreachable

The connection could not be restored.

Session expired

The server has moved on; the page needs a fresh start.